 Dungeon Crawl Stone Soup version 0.21-a0-625-g1119ec1 (webtiles) character file.

108 slep the Slasher (level 4, -5/35 HPs)
             Began as a Demonspawn Monk on Dec 25, 2017.
             Was a Believer of Okawaru.
             Slain by an iguana (10 damage)
             ... on level 4 of the Dungeon.
             The game lasted 00:06:26 (2349 turns).

slep the Slasher (Demonspawn Monk)                  Turns: 2349, Time: 00:06:27

Health: -5/35      AC:  3    Str: 12    XL:     4   Next: 58%
Magic:  0/4        EV: 13    Int: 11    God:    Okawaru [**....]
Gold:   198        SH:  0    Dex: 16    Spells: 3/3 levels left

rFire    . . .     SeeInvis .   a - +0 falchion
rCold    . . .     Gourm    .   (no shield)
rNeg     . . .     Faith    .   q - +0 leather armour
rPois    .         Spirit   +   (helmet restricted)
rElec    .         Reflect  .   (no cloak)
rCorr    +         Harm     .   (no gloves)
MR       .....                  (no boots)
Stlth    +.........             (no amulet)
HPRegen  0.11/turn              y - ring of resist corrosion
MPRegen  0.09/turn              u - ring of loudness (curse)

@: lethally poisoned (-5 -> -10)
A: horns 2, magic shield
a: Heroism, Renounce Religion


You were on level 4 of the Dungeon.
You worshipped Okawaru.
Okawaru was pleased with you.
You were not hungry.

You visited 1 branch of the dungeon, and saw 4 of its levels.

You collected 198 gold pieces.

Inventory:

Hand Weapons
 a - a +0 falchion (weapon)
Missiles
 p - 21 sling bullets
 r - 17 poisoned needles
Armour
 b - a +0 robe
 l - a +2 helmet
 q - a +0 leather armour (worn)
Jewellery
 t - an uncursed ring of protection from cold
 u - a cursed ring of loudness (right hand)
 v - a +2 ring of strength
 x - an uncursed amulet of harm {unknown}
 y - a ring of resist corrosion (left hand)
Scrolls
 d - a scroll of enchant weapon {unknown}
 e - a scroll of random uselessness {unknown}
 g - 2 scrolls of teleportation {unknown}
 h - a scroll of blinking {unknown}
 i - a scroll of fog {unknown}
 j - 3 scrolls of identify {unknown}
 n - a scroll of remove curse {unknown}
Potions
 f - 2 potions of lignification {unknown}
 k - a potion of berserk rage {unknown}
 m - a potion of magic {unknown}
 o - 2 potions of might {unknown}
 s - a potion of curing {unknown}
 w - a potion of brilliance {unknown}
 A - a potion of mutation {unknown}
Comestibles
 c - 4 rations


   Skills:
 + Level 3.5 Fighting
 + Level 3.6 Long Blades
 + Level 1.2 Armour
 + Level 3.3 Dodging
 + Level 2.1 Stealth


You had 3 spell levels left.
You didn't know any spells.

Dungeon Overview and Level Annotations

Branches:
Dungeon (4/15)
 Temple: D:4-7

Altars:
Hepliaklqana
Okawaru
Uskayaw


Innate Abilities, Weirdness & Mutations

You have a pair of horns on your head.
When hurt, damage is shared between your health and your magic reserves.


Message History

You hit the iguana.
The iguana is lightly wounded.
The iguana barely misses you.
You riposte.
You hit the iguana. Your headbutt misses the iguana.
The iguana is moderately wounded.
The iguana barely misses you.
You hit the iguana. You headbutt the iguana.
The iguana is almost dead.
* * * LOW HITPOINT WARNING * * *
You feel sick.
The iguana bites you but does no damage.
You barely miss the iguana.
The iguana is almost dead.
* * * LOW HITPOINT WARNING * * *
You feel sick.
The iguana bites you but does no damage.
You hit the iguana but do no damage.
The iguana is almost dead.
The iguana bites you!
You die...

##.......#
........#
#.......#
#.......#
#.......#
#.......#
###...l...#
#....<@...#
.......######
.......
......<
.......
.......
..#...#
######


You could see an iguana.

Vanquished Creatures
  A worker ant (D:3)
  3 adders
  A worm (D:3)
  A leopard gecko (D:3)
  2 ball pythons (D:1)
  4 giant cockroaches
  7 goblins
  4 hobgoblins
  8 jackals (D:1)
  4 kobolds (D:1)
  2 quokkas
  4 bats
  A frilled lizard (D:2)
  8 rats
50 creatures vanquished.

Notes
Turn   | Place    | Note
-------+----------+-------------------------------------------
     0 | D:1      | slep the Demonspawn Monk began the quest for the Orb.
     0 | D:1      | Reached XP level 1. HP: 18/18 MP: 1/1
   192 | D:1      | Gained mutation: When hurt, damage is shared between your health and your magic reserves. [demonic ancestry]
   192 | D:1      | Reached XP level 2. HP: 24/24 MP: 2/2
   778 | D:1      | Gained mutation: You have a pair of small horns on your head. [demonic ancestry]
   778 | D:1      | Reached XP level 3. HP: 29/29 MP: 3/3
   982 | D:2      | Found a faded altar of an unknown god.
  1765 | D:3      | Gained mutation: You have a pair of horns on your head. [demonic ancestry]
  1765 | D:3      | Reached XP level 4. HP: 27/35 MP: 2/4
  1786 | D:3      | Found an iron altar of Okawaru.
  1791 | D:3      | Became a worshipper of Warmaster Okawaru
  1791 | D:3      | Reached * piety under Okawaru
  1791 | D:3      | Reached ** piety under Okawaru
  1913 | D:3      | Reached skill level 1 in Armour
  2031 | D:3      | Found a hazy altar of Hepliaklqana.
  2102 | D:3      | Found a hide-covered altar of Uskayaw.
  2349 | D:4      | Slain by an iguana

Vault maps used:
D:1:      dpeg_arrival_leaves_temple_mockup, minivault_26
D:2:      chequers_ecumenical_altar_island
D:3:      nicolae_overflow_crystal_walls, overflow_temple_1_default,
          minmay_misc_feat_doors, lemuel_tele_altar
D:4:      serial_shops, shop_statue

Skill      XL: |  1  2  3  4 |
---------------+-------------+-----
Long Blades    | 3 |  3.6
Dodging        | 3 |  3.3
Stealth        | 2 |  2.1
Armour         | 1 |  1.2
Fighting       | |  3.5

Action                   |  1- 3 |  4- 6 || total
-------------------------+-------+-------++-------
Melee: Falchion          |   122 |    24 ||   146
       Headbutt          |    10 |     5 ||    15
 Stab: Sleeping          |     2 |     1 ||     3
  Eat: Chunk             |     2 |     3 ||     5
Armor: Robe              |    14 |       ||    14
       Leather armour    |    16 |     5 ||    21
Dodge: Dodged            |    92 |    13 ||   105
       Rpst.: Falchion   |    22 |     2 ||    24

Table legend:
 A = Spawn XP
 B = Non-spawn XP
 C = Spawn XP percentage of total XP
 D = Spawn monster count
 E = Non-spawn monster count
 F = Spawn count percentage of total count
 G = Total turns spent on level
                    A         B        C        D         E        F      G
               +---------+---------+-------+---------+---------+-------+---------
         Total |       0 |     155 |   0.0 |       0 |      50 |   0.0 |  2349
               +---------+---------+-------+---------+---------+-------+---------
           D:1 |       0 |      46 |   0.0 |       0 |      26 |   0.0 |   944
           D:2 |       0 |      48 |   0.0 |       0 |      16 |   0.0 |   767
           D:3 |       0 |      48 |   0.0 |       0 |       7 |   0.0 |   625
           D:4 |       0 |      13 |   0.0 |       0 |       1 |   0.0 |    13
               +---------+---------+-------+---------+---------+-------+---------
